 Dungeon Crawl Stone Soup version 0.31-a0-214-gb37851dbb3 (webtiles) character file.

Game seed: 18137188303821579656

1547 initializr the Summoner (level 8, -1/52 HPs)
             Began as a Mummy Summoner on July 1, 2023.
             Was an Initiate of Kikubaaqudgha.
             Slain by an orc warrior
             ... wielding a +3 mace
              (9 damage)
             ... on level 6 of the Dungeon.
             The game lasted 00:12:18 (6423 turns).

initializr the Summoner (Mummy Summoner)            Turns: 6423, Time: 00:12:20

Health: -1/52      AC: 10    Str: 11    XL:     8   Next: 57%
Magic:  9/14       EV: 12    Int: 17    God:    Kikubaaqudgha [......]
Gold:   198        SH:  0    Dex: 12    Spells: 11/15 levels left

rFire   x . .        d - +2 dagger (drain)
rCold   + . .        (no shield)
rNeg    + + +        a - +0 robe
rPois   ∞            (no helmet)
rElec   .            k - scarf {repulsion}
rCorr   .            (no gloves)
SInv    .            (no boots)
Will    +....        (no amulet)
Stlth   ++           o - +4 ring of protection
HPRegen 0.28/turn    O - +4 ring of protection
MPRegen 0.14/turn

%: repel missiles, faith
@: no status effects
A: cold resistance 1, negative energy resistance 3, torment resistance 2, heat
vulnerability 1, in touch with death 1, no potions, faith
a: Renounce Religion


You were on level 6 of the Dungeon.
You worshipped Kikubaaqudgha.
Kikubaaqudgha was noncommittal.
You visited 2 branches of the dungeon, and saw 7 of its levels.

You collected 253 gold pieces.
You spent 55 gold pieces at shops.


Innate Abilities, Weirdness & Mutations

You are immune to poison.
Your flesh is cold resistant. (rC+)
You are immune to negative energy. (rN+++)
You are immune to unholy pain and torment.
You are vulnerable to heat. (rF-)
You are in touch with the powers of death.
You do not drink.
You have a special connection with the divine. (Faith)


   Skills:
 - Level 1.5 Dodging
 - Level 1.5 Stealth
 - Level 4.0 Spellcasting
 + Level 9.5 Summonings


You had 11 spell levels left.
You knew the following spells:

 Your Spells              Type           Power      Damage    Failure   Level
c - Call Canine Familiar  Summ           35%        N/A       1%          3
s - Summon Small Mammal   Summ           100%       N/A       1%          1

Your spell library contained the following spells:

 Spells                   Type           Power      Damage    Failure   Level
 Call Imp                 Summ           70%        N/A       1%          2
 Summon Guardian Golem    Hex/Summ       19%        N/A       7%          3
 Apportation              Tloc           6%         N/A       16%         1
 Necrotise                Necr           20%        1d5       16%         1
 Sandblast                Erth           6%         2d5       16%         1
 Slow                     Hex            12%        N/A       16%         1
 Summon Lightning Spire   Summ/Air       19%        N/A       22%         4
 Passwall                 Tmut/Erth      2%         N/A       24%         2
 Confusing Touch          Hex            3%         N/A       43%         3
 Hailstorm                Conj/Ice       3%         3d3       43%         3
 Ozocubu's Armour         Ice            3%         N/A       43%         3
 Portal Projectile        Hex/Tloc       6%         N/A       43%         3
 Stone Arrow              Conj/Erth      6%         3d7       43%         3
 Vampiric Draining        Necr           5%         2d6       43%         3
 Leda's Liquefaction      Hex/Erth       1%         N/A       83%         4
 Metabolic Englaciation   Hex/Ice        1%         N/A       99%         5
 Simulacrum               Ice/Necr       2%         N/A       100%        6
 Ice Form                 Ice/Tmut       Unusable   N/A       N/A         4

Inventory:

Hand Weapons
 d - a +2 dagger of draining (weapon)
   (You took it off a goblin on level 1 of the Dungeon)
Armour
 a - a +0 robe (worn)
 k - a scarf of repulsion (worn)
   (You found it on level 3 of the Dungeon)
 m - a +0 pair of gloves
   (You found it on level 4 of the Dungeon)
 r - a +0 pair of boots
   (You found it on level 6 of the Dungeon)
Jewellery
 g - a ring of willpower
   (You found it on level 2 of the Dungeon)
 o - a +4 ring of protection (left hand)
   (You found it on level 4 of the Dungeon)
 O - a +4 ring of protection (right hand)
   (You found it on level 1 of the Dungeon)
Wands
 p - a wand of flame (17)
   (You found it on level 5 of the Dungeon)
Scrolls
 b - 4 scrolls of identify {@r1}
 c - a scroll of teleportation {unknown}
 e - a scroll of fog {unknown}
 f - 4 scrolls of immolation {!r!r}
 h - a scroll of brand weapon {unknown}
 i - 2 scrolls of enchant armour {unknown}
 j - a scroll of vulnerability {unknown}
 l - 2 scrolls of blinking {unknown}
 n - a scroll of silence {unknown}
 q - a scroll of poison {unknown}
 t - a scroll of fear {unknown}
 u - a scroll of revelation {unknown}

Dungeon Overview and Level Annotations

Branches:
Dungeon (6/15)             Temple (1/1) D:6

Altars:
Ashenzari
Dithmenos
Fedhas
Gozag
Hepliaklqana
Kikubaaqudgha
Nemelex Xobeh
Okawaru
Qazlal
Ru
Sif Muna
Trog
Uskayaw
Vehumet
Wu Jian
Yredelemnul

Shops:
D:1 ?   D:2 ***:

Annotations:
D:5 1 runed translucent door, Brandom's ghost, novice NaVM

..............##)..##...#.....#
.......##.....##........#.....#
.......##.....##........#.....###
÷..............#........#........
..............##..b##...'[S......
........>.....##...##...#.{......
'########......#g.h######.g......
.......##.....##o..#.............
.......##.....##@..#.............
...................#.............
..........<...##'###.............
.......##.....##...#.........##.#
.......##..........#.............
...................#.........##.#
...<...............#............#
...................#.....###.##..
#########.....##...#.....#......#


You could see an orc warrior, a gnoll (ally target), a friendly hound (summoned)
and a friendly bat (summoned).


Message History

Your hound bites the gnoll.
Your quokka bites the gnoll.
The gnoll dies!
Kikubaaqudgha accepts your kill. The gnoll hits you but does no damage.
The gnoll hits you from afar with a +0 spear.
The gnoll closely misses you.
Unknown command.
You hit the gnoll. You drain the gnoll. Your bat hits the gnoll.
Your hound bites the gnoll.
Your bat closely misses the gnoll.
Something completely misses your hound.
The gnoll hits you from afar with a +0 spear.
The gnoll barely misses your hound. The gnoll hits you but does no damage.
Unknown command.
You hit the gnoll.
You kill the gnoll!
Kikubaaqudgha accepts your kill.
Your bat hits the gnoll but does no damage.
Your hound bites the gnoll.
The gnoll closely misses you.
Your hound bites the gnoll.
The orc warrior hits your quokka with a +3 mace!
Your quokka dies!
Your quokka's corpse disappears in a puff of smoke!
You hear some strange, mumbled words.
Your hound resists with significant effort.
The gnoll hits you but does no damage.
You swap places.
The gnoll closely misses you.
Your bat closely misses the gnoll.
The orc warrior hits your hound with a +3 mace!!
Your hound dies!
Your hound's corpse disappears in a puff of smoke!
Something hits you but does no damage. The gnoll hits you but does no damage.
Unknown command.
You hit the gnoll. You drain the gnoll.
You kill the gnoll!
Kikubaaqudgha accepts your kill.
Your bat hits the gnoll. Something completely misses you.
The gnoll hits you with a +0 spear.
You hit the gnoll but do no damage. Your bat hits the gnoll.
The orc warrior hits you but does no damage.
You hear some strange, mumbled words.
A magic dart appears from out of thin air!
The magic dart hits you. The gnoll hits you with a +0 spear.
You are too injured to fight recklessly!
You are too injured to fight recklessly!
You are too injured to fight recklessly!
Unknown command.
Your bat barely misses the gnoll.
Your bat closely misses the gnoll.
The orc warrior closely misses you.
Your bat hits the gnoll. The gnoll barely misses you.
The orc warrior attacks as you move away!
The orc warrior hits you with a +3 mace.
Your bat barely misses the gnoll.
The orc warrior attacks as you move away!
The orc warrior hits you but does no damage.
Your bat closely misses the gnoll.
Casting: Summon Small Mammal (safe; 1% risk of failure)
Confirm with . or Enter, or press ? or * to list all spells.
The orc warrior closely misses you. Something hits you but does no damage.
Your bat misses the gnoll.
The gnoll hits you from afar with a +0 spear.
Something hits you.
The orc warrior attacks as you move away!
The orc warrior hits you with a +3 mace.
Your bat closely misses the gnoll.
Your hound misses something.
Your bat closely misses the gnoll.
A magic dart appears from out of thin air!
The magic dart hits you but does no damage.
Your hound bites something.
The orc warrior attacks as you move away!
The orc warrior hits you with a +3 mace!
* * * LOW HITPOINT WARNING * * *
Your bat barely misses the gnoll.
Your hound bites something.
The orc warrior attacks as you move away!
The orc warrior misses you.
Your hound bites the gnoll.
Your hound barely misses the orc warrior.
Your bat hits the gnoll.
Your bat hits the gnoll but does no damage.
The orc warrior attacks as you move away!
The orc warrior hits you with a +3 mace!
* * * LOW HITPOINT WARNING * * *
Your hound bites something.
Unknown command.
As you read the scroll labelled FEEGEI HISAES, it crumbles to dust.
You hear a loud clanging noise!
It was a scroll of noise.
You hear a shout! x4
Your bat misses something.
Your hound closely misses something.
The orc warrior hits you with a +3 mace.
* * * LOW HITPOINT WARNING * * *
The gnoll misses you.
Unknown command.
As you read the scroll labelled LYIGOAN GUUWA, it crumbles to dust.
It is a scroll of identify.
f - 4 scrolls of immolation Your bat hits the gnoll but does no damage.
Something hits you but does no damage.
Your hound bites something but does no damage.
The orc warrior hits you with a +3 mace!
You die...
Kikubaaqudgha rasps: "You have failed me!
Welcome... oblivion!"

Action                     |  1- 3 |  4- 6 |  7- 9 || total
---------------------------+-------+-------+-------++-------
  Melee: Unarmed           |    50 |       |       ||    50
         Punch             |     3 |     3 |     2 ||     8
         Dagger            |    10 |   124 |    73 ||   207
   Cast: Summon Small Mamm |    58 |    24 |    21 ||   103
         Call Canine Famil |       |    31 |    25 ||    56
    Use: Scroll            |       |       |     2 ||     2
   Stab: Distracted        |     1 |     1 |     1 ||     3
         Sleeping          |       |     1 |       ||     1
 Armour: Robe              |    12 |    40 |    54 ||   106
  Dodge: Dodged            |    61 |    80 |    68 ||   209

Levels and vault maps discovered:
D:1:      dpeg_arrival_pond, layout_basic, shapermc_ecumenical_altar_venn,
          nicolae_nh_oracle_at_delphi
D:2:      layout_basic, serial_shops, shop, shop, nicolae_shop_waterfront, shop,
          nicolae_shop_window_shopping, eino_tiny_chamber, chequers_arboretum
D:3:      layout_basic, grunt_temple_overflow_open, serial_co_window_serial,
          co_window_corner_a, co_window_paths_b, co_window_paths_a,
          co_window_paths_a, co_window_paths_a, co_window_broadway_a,
          co_window_corner_b, co_window_of_opportunity_b, glass_columns_a,
          glass_columns_a
D:4:      layout_loops_ring
D:5:      layout_loops_cross, ebering_ghost_reflecting_pool,
          minmay_crystal_water, grunt_tough_drop
D:6:      layout_gridville, kennysheep_little_box, minmay_temple_entry_ruins,
          chequers_jeans
Temple:   nicolae_temple_bog_church

Notes
Turn   | Place    | Note
-------+----------+-------------------------------------------
     0 | D:1      | initializr the Mummy Summoner began the quest for the Orb.
     0 | D:1      | Reached XP level 1. HP: 13/13 MP: 4/4
    61 | D:1      | HP: 3/13 [kobold/+0 club (3)]
   140 | D:1      | Found a faded altar of an unknown god.
   156 | D:1      | You pick up a book of the Tundra and begin reading...
   156 | D:1      | You add the spells Hailstorm and Simulacrum to your
                  | library.
   257 | D:1      | You pick up a book of Debilitation and begin reading...
   257 | D:1      | You add the spells Slow, Vampiric Draining and Confusing
                  | Touch to your library.
   263 | D:1      | Reached skill level 3 in Spellcasting
   274 | D:1      | Found The Oracle's Delphic Readings.
   319 | D:1      | Reached XP level 2. HP: 9/19 MP: 3/6
   766 | D:1      | Gained mutation: You are in touch with the powers of death.
                  | [Mummy growth]
   766 | D:1      | Reached XP level 3. HP: 20/24 MP: 5/8
  1146 | D:2      | Found Yplunkag's Assorted Antiques.
  1173 | D:2      | Reached skill level 4 in Spellcasting
  1208 | D:2      | Reached skill level 4 in Summonings
  1228 | D:2      | Bought a scroll labelled EDIXURUKOPN for 27 gold pieces
  1257 | D:2      | Reached XP level 4. HP: 30/30 MP: 7/10
  1291 | D:2      | You pick up a book of Cantrips and begin reading...
  1291 | D:2      | You add the spells Necrotise and Apportation to your
                  | library.
  1294 | D:2      | You pick up a book of the Hunter and begin reading...
  1294 | D:2      | You add the spells Portal Projectile and Leda's
                  | Liquefaction to your library.
  1635 | D:2      | Found Ziupp's Book Emporium.
  1691 | D:2      | You pick up a book of Geomancy and begin reading...
  1691 | D:2      | You add the spells Sandblast, Passwall and Stone Arrow to
                  | your library.
  1758 | D:2      | Found Raikecviph's Book Emporium.
  1811 | D:2      | Found Vaomar's Assorted Antiques.
  1935 | D:2      | Found Vejealuz's Assorted Antiques.
  1957 | D:2      | Bought a scroll labelled BOIL SYDYUDUWN for 28 gold pieces
  2226 | D:2      | Learned a level 3 spell: Call Canine Familiar
  2322 | D:3      | Found a hide-covered altar of Uskayaw.
  3463 | D:4      | Reached XP level 5. HP: 35/35 MP: 7/11
  3762 | D:4      | You pick up a book of Winter and begin reading...
  3762 | D:4      | You add the spells Ozocubu's Armour and Metabolic
                  | Englaciation to your library.
  3829 | D:4      | Reached skill level 5 in Summonings
  3998 | D:5      | Entered Level 5 of the Dungeon
  4289 | D:5      | Reached XP level 6. HP: 41/41 MP: 7/12
  4428 | D:5      | Reached skill level 6 in Summonings
  4541 | D:5      | Reached XP level 7. HP: 46/46 MP: 9/13
  4624 | D:5      | Found a runed translucent door.
  4625 | D:5      | Noticed Brandom's ghost (novice NaVM)
  4658 | D:5      | Reached skill level 7 in Summonings
  5067 | D:6      | Reached skill level 8 in Summonings
  5190 | D:6      | Reached XP level 8. HP: 48/52 MP: 11/14
  5538 | D:6      | Reached skill level 9 in Summonings
  5633 | D:6      | Found a bloodstained altar of Trog.
  5914 | D:6      | Found a staircase to the Ecumenical Temple.
  5942 | Temple   | Entered the Ecumenical Temple
  6167 | Temple   | Became a worshipper of Kikubaaqudgha
  6421 | D:6      | HP: 11/52 [orc warrior/+3 mace (13)]
  6423 | D:6      | Slain by an orc warrior

Vanquished Creatures
  A water moccasin (D:6)
  A black bear (D:5)
  A bullfrog (D:6)
  3 scorpions
  An iguana (D:4)
  An orc wizard (D:6)
  5 gnolls
  4 adders
  5 orcs
  3 ball pythons
  3 endoplasms
  3 giant cockroaches
  3 goblins
  9 hobgoblins
  3 jackals
  2 kobolds
  3 quokkas
  2 bats
  2 frilled lizards
  3 rats
58 creatures vanquished.

Vanquished Creatures (collateral kills)
  A black bear (D:6)
  An ice beast (D:6)
  3 ogres
  A bullfrog (D:6)
  A scorpion (D:5)
  A howler monkey (D:6)
  2 jellies
  2 hounds (D:5)
  A sleepcap (D:5)
  2 orc wizards (D:6)
  2 gnolls (D:6)
  4 adders
  A shadow imp (D:6)
  An ufetubus (D:5)
  A worm (D:2)
  A dart slug (D:2)
  8 orcs
  4 endoplasms
  2 giant cockroaches
  7 hobgoblins
  4 jackals (D:1)
  3 quokkas
  6 ball pythons
  3 bats
  2 frilled lizards (D:2)
  5 goblins
  3 kobolds
  A rat (D:3)
73 creatures vanquished.

Grand Total: 131 creatures vanquished

Action                     |  1- 3 |  4- 6 |  7- 9 || total
---------------------------+-------+-------+-------++-------
  Melee: Unarmed           |    50 |       |       ||    50
         Punch             |     3 |     3 |     2 ||     8
         Dagger            |    10 |   124 |    73 ||   207
   Cast: Summon Small Mamm |    58 |    24 |    21 ||   103
         Call Canine Famil |       |    31 |    25 ||    56
    Use: Scroll            |       |       |     2 ||     2
   Stab: Distracted        |     1 |     1 |     1 ||     3
         Sleeping          |       |     1 |       ||     1
 Armour: Robe              |    12 |    40 |    54 ||   106
  Dodge: Dodged            |    61 |    80 |    68 ||   209

Illustrated notes

Table legend:
 A = Kills in this place as a percentage of kills in the entire game.
 B = Kills by you in this place as a percentage of kills by you in the entire game.
 C = Kills by friends in this place as a percentage of kills by friends in the entire game.
 D = Other kills in this place as a percentage of other kills in the entire game.
 E = Experience gained in this place as a percentage of experience gained in the entire game.
 F = Experience gained in this place divided by the number of levels of this place that you have seen.
                   A       B       C       D       E      F
               +-------+-------+-------+-------+-------+----------------------
         Total | 100.0 | 100.0 | 100.0 |   N/A | 100.0 | 315.7
       Dungeon | 100.0 | 100.0 | 100.0 |   N/A | 100.0 | 368.3
               +-------+-------+-------+-------+-------+----------------------

Table legend: (Time is in decaauts)
 A = Elapsed time spent in this place.
 B = Non-inter-level travel time spent in this place.
 C = Inter-level travel time spent in this place.
 D = Time resting spent in this place.
 E = Time spent auto-exploring this place.
 F = Levels seen in this place.
 G = Mean time per level.
                   A        B        C        D        E       F      G
               +--------+--------+--------+--------+--------+-----+--------+
         Total |   6428 |   6183 |    245 |    156 |   4823 |   7 |  918.3 |
       Dungeon |   6185 |   5974 |    211 |    142 |   4648 |   6 | 1030.8 |
        Temple |    242 |    208 |     34 |     14 |    174 |   1 |  242.0 |
               +--------+--------+--------+--------+--------+-----+--------+

Top non-repeatable levels by time:
     D:1: 1141 daAuts
     D:5: 1103 daAuts
     D:6: 1086 daAuts
     D:2: 1086 daAuts
     D:4: 889 daAuts
     D:3: 876 daAuts
  Temple: 242 daAuts
